[Event "American Cup Elimination 2023"]
[Site "Saint Louis"]
[Date "2023.03.21"]
[Round "2.6"]
[White "Caruana, Fabiano"]
[Black "Aronian, Levon"]
[Result "0-1"]
[ECO "B08"]
[WhiteElo "2766"]
[BlackElo "2745"]
[Annotator "TA"]
[PlyCount "152"]
[EventDate "2023.03.15"]
[EventType "k.o."]
[EventCountry "USA"]
[SourceTitle "playchess.com"]
[Source "ChessBase"]
[SourceQuality "1"]
[TimeControl "600+5"]

1. e4 g6 2. d4 Bg7 3. Nc3 d6 4. Be3 a6 5. a4 Nc6 6. Nf3 Nf6 7. h3 O-O 8. Be2 e6 $1 {[%emt 0:00:12][%mdl 4] is recently more successful than 8...e5. B08: Pirc Defence: Classical System.} 9. O-O Ne7 $5 {[%emt 0:00:04][%mdl 4] [#] An interesting side line.} 10. a5 $146 ({Predecessor:} 10. Nd2 e5 11. dxe5 dxe5 12. Nc4 Nc6 13. Bc5 Re8 14. Ne3 b6 15. Ba3 Nd4 16. Bd3 {0-1 Ordonez Torres,J (1989)-Blanco Acevedo,C (2362) ESP-ch rapid 2018 (2)}) 10... b5 {[%emt 0:00:08] White is slightly better.} 11. axb6 cxb6 12. e5 dxe5 13. dxe5 Nd7 14. Ne4 Bb7 15. Nd6 Bc6 16. Bf4 (16. Bxa6 Bxf3 17. gxf3 (17. Qxf3 Nxe5 {[%mdl 64] Discovered Attack} 18. Qd1 Nd5 $17) 17... Nxe5 $17) 16... b5 17. Re1 Qc7 18. Qd2 Nb6 (18... Bd5 $11) 19. Bh6 (19. b3 {simplifies} Nf5 20. c4 bxc4 21. bxc4 Nd7 22. Nxf5 gxf5 23. Qe3) 19... Nbd5 (19... Nd7 $14) 20. Bxg7 $16 Kxg7 21. Nd4 Qb6 22. h4 Nc8 23. Ne4 Rd8 (23... Nce7 {was worth a try.} 24. Bf3 Rad8) 24. h5 $18 Nde7 25. h6+ $1 Kf8 {[%emt 0:00:04] [#]} (25... Kh8 $2 26. Qg5 Nd5 27. Nxc6 $18) 26. Nxe6+ fxe6 $14 27. Qf4+ Nf5 {[%emt 0:00:06] White must now prevent ...Bxe4.} 28. Ng5 (28. Nf6 $1 $14) 28... Kg8 $11 29. Rad1 (29. g4 $1 $11 {and White has nothing to worry.} Rd4 30. Qh2) 29... Nce7 $1 $19 (29... Nxh6 30. Nxe6 Re8 31. Nd4 $18 (31. Qf6 Ra7 $17)) 30. Nxe6 Rxd1 31. Rxd1 {[%emt 0:00:04] [#]} Bxg2 $1 32. Ng5 $17 Bb7 $2 {[%emt 0:00:04][%mdl 8192] [#]} (32... Bd5 $1 $17 {stays on course. ...Rf8 would be deadly.} 33. Bf3 Rd8) 33. e6 $4 (33. Bc4+ $1 $18 {was the only winning move.} Kh8 34. Nf7+ Kg8 35. Ng5+ Kh8 36. Nf7+ Kg8 37. Ng5+) 33... Rd8 $19 (33... Nxh6 34. Qf6 Qc6 35. Bf3 $18) (33... Qc6 34. Bf3 Qxc2 35. Rc1 Qxb2 36. Bxb7 $15) 34. Rd7 Bc6 $4 (34... Rxd7 $19 {and all is fine.} 35. exd7 Qd8) 35. Rd3 (35. Rxe7 $1 $18 {[%cal Oe7g7] Rg7+! would kill now.} Qd4 36. Qxd4 Rxd4 37. Rc7) 35... Qb8 $2 {[%emt 0:00:06] [#]} (35... Nxh6 $2 36. Nf7 Rxd3 37. Nxh6+ Kg7 38. Qf7+ (38. Bxd3 Be8 $11) 38... Kxh6 39. Qf8+ (39. cxd3 $2 {perishes.} Nf5 $19) 39... Kg5 40. Qxe7+ (40. cxd3 $2 {is the wrong capture.} Nf5 $19) 40... Kf5 41. cxd3 $16 (41. Bxd3+ Ke5 $18)) ({Black should play} 35... Rf8 $19 36. Bf3 Bxf3 37. Rxf3 Qa5) 36. Qd2 $2 (36. Rxd8+ $1 $16 Qxd8 37. Nf7) 36... Rxd3 37. Bxd3 Qf8 38. Qc3 (38. Qf4 $142) 38... Be8 $2 (38... Qxh6 39. Qh8+ {[%mdl 64] Decoy} Kxh8 40. Nf7+ Kg7 41. Nxh6 Nxh6) 39. Qe5 $2 (39. Ne4 {was called for.} b4 40. Qe5) 39... Qxh6 40. Nf3 Qg7 41. Qb8 Qf8 42. Ne5 Nc6 43. Nxc6 Bxc6 44. Qc7 Qd6 45. Qf7+ Kh8 46. Qf6+ Ng7 47. Kf1 Be8 48. Be2 Kg8 49. c4 Qxe6 50. Qd4 bxc4 51. Qd8 h5 52. Bf3 Kh7 {[%emt 0:00:04] Hoping for ...Bb5.} 53. Bd5 Qf5 {[%emt 0:00:05] And now ...Qd3+ would win.} 54. Qd6 Bb5 55. Kg1 Qg5+ 56. Kh1 Qh4+ 57. Kg1 Qg4+ 58. Kh1 {[%emt 0:00:05] [#]} c3 $1 59. bxc3 Qh3+ 60. Kg1 Qf1+ 61. Kh2 Qxf2+ 62. Kh1 Qe1+ (62... Nf5 $142 63. Qc7+ Kh6 64. Qe5 Ng3+ 65. Qxg3 Qxg3 66. Bg2 h4 67. Bd5 h3 68. c4 h2 69. Bg2 Bxc4 70. Be4 Qg1#) 63. Kg2 Bf1+ 64. Kh2 Qxc3 (64... Qf2+ $142 65. Kh1 Nf5 66. Qc7+ Kh6 67. Be4 Ng3+ 68. Qxg3 Qxg3 69. Bb7 h4 70. Be4 h3 71. Bd5 Bg2+ 72. Bxg2 Qxg2#) 65. Qd8 Qe5+ 66. Kg1 Bd3 67. Bg8+ Kh6 {[%emt 0:00:05] ( -> ...Qg3+)} 68. Qxd3 {[%emt 0:00:05][%mdl 4096] Endgame KQB-KQN} Nf5 69. Qxa6 Qe3+ 70. Kf1 Qc1+ 71. Kg2 Qb2+ 72. Kg1 Qd4+ 73. Kf1 Qf4+ 74. Kg1 Qe3+ 75. Kf1 $1 h4 76. Qb7 h3 {[%emt 0:00:06] An exciting game.   Weighted Error Value: White=0.74/Black=0.62} 0-1

[Event "American Cup Elimination 2023"]
[Site "Saint Louis"]
[Date "2023.03.22"]
[Round "3.1"]
[White "Aronian, Levon"]
[Black "Dominguez Perez, Leinier"]
[Result "1-0"]
[ECO "C42"]
[WhiteElo "2745"]
[BlackElo "2743"]
[Annotator "TA"]
[PlyCount "117"]
[EventDate "2023.03.15"]
[EventType "k.o."]
[EventCountry "USA"]
[SourceTitle "playchess.com"]
[Source "ChessBase"]
[SourceQuality "1"]
[TimeControl "1500+10"]

1. e4 e5 2. Nf3 Nf6 3. Nxe5 d6 4. Nf3 Nxe4 5. Bd3 (5. d4 d5 6. Bd3 Nc6 7. O-O Be7 8. Nbd2 Bf5 9. Re1 Nxd2 10. Qxd2 Qd7 11. Bxf5 Qxf5 12. Ne5 Nd8 13. Qc3 Ne6 14. Bd2 Bd6 15. Re3 O-O-O 16. Rae1 Bxe5 17. Rxe5 Qg4 18. f4 g6 19. Qe3 Kb8 {½-½ Aronian,L (2755)-Dominguez Perez,L (2747) USA-ch Saint Louis 2022 (2)}) 5... d5 6. O-O {[%emt 0:00:04][%cal Bh1f1,Bf1e1,Be1e4][%mdl 32] C42: Petroff Defence: 3 Nxe5 and unusual White 3rd moves.} (6. Qe2 $5 ) 6... Be7 7. Re1 O-O 8. Bxe4 {[%emt 0:00:04] White is slightly better.} dxe4 9. Rxe4 c5 10. d3 Nc6 11. Nc3 b6 12. Bf4 Bb7 13. Re1 {[%emt 0:00:02] [#]} Nd4 $146 ({Predecessor:} 13... Rc8 14. h3 Nd4 15. Nxd4 cxd4 16. Ne4 Qd5 17. f3 Rc6 18. Qd2 Rg6 19. Qf2 Rc8 {1-0 Caruana,F (2758)-Martinez Alcantara,J (2591) Chess.com Rapid CGC KO 2022 (2.3)}) 14. Nxd4 cxd4 15. Ne4 Rc8 16. Nd2 Re8 17. f3 h6 18. Bg3 Qd5 19. Re2 Bf8 20. Rxe8 Rxe8 21. Nb3 g5 22. h3 h5 23. Qd2 (23. Qf1 $1 $14) 23... g4 $1 $11 24. hxg4 hxg4 25. Rf1 gxf3 26. Rxf3 Qh5 27. Rf2 Bh6 {[%emt 0:00:47] This pair of bishops is nice.} 28. Bf4 Bg7 29. Nc1 Re6 30. Ne2 Rg6 (30... Qg4 $11) 31. Ng3 $16 Qd5 32. b3 Bf6 {[%emt 0:00:20] Hoping for ...Bh4.} 33. Qe2 $1 Bc6 {[%emt 0:00:15] Inhibits Qe8+.} 34. Qh5 {[%emt 0:01:15] Prevents Bh4} Qxh5 35. Nxh5 Bh4 36. g3 Be7 37. Re2 (37. Kf1 $16) 37... Kf8 $1 $11 38. Rh2 Bf3 39. Be5 (39. Bb8 $11 {remains equal.}) 39... Bg5 $2 ({Don't do} 39... Rg5 40. Nf6 (40. Bxd4 $2 {loses.} Bxh5 41. Bf2 Bd6 $19) 40... Kg7 41. Nd7+ (41. Bxd4 $2 {too greedy.} Bxf6 42. Bxf6+ Kxf6 $19) 41... f6 42. Rf2 $16 (42. Bxd4 Rd5 $15)) (39... Re6 $1 $17 {[%cal Re6e5] and life is bright.} 40. Bg7+ (40. Bxd4 $2 Re1+ 41. Kf2 Re2+ {[%mdl 64] Skewer, Double Attack} 42. Kxf3 Rxh2 $19) 40... Kg8) 40. Bxd4 $16 Re6 {[%emt 0:00:01] Threatens to win with ...Re1+.} 41. Nf4 Bxf4 42. Rh8+ Ke7 43. gxf4 {[%emt 0:00:01][%mdl 4096] Endgame KRB-KRB} Re2 44. Rc8 Ke6 45. Rc7 f6 46. a4 Kf5 47. Bf2 (47. Kf1 $16) 47... Rd2 48. Kf1 Bd1 49. Ke1 Rxc2 50. Rxa7 Bg4 51. Bxb6 (51. Re7 $1 $14 {was preferrable.}) 51... Kxf4 (51... Re2+ $1 $11 52. Kf1 Rb2) 52. Re7 Rb2 (52... Bf5 $16 {was worth a try.}) 53. Re4+ $18 Kf3 (53... Kf5 $18 54. b4 Bf3) 54. Rb4 (54. b4 $16) 54... f5 $2 (54... Be6 $14) 55. a5 Ra2 56. Kd1 $1 {[%emt 0:00:09] Kc1 is the strong threat.} f4 {[%emt 0:00:21] [#]} 57. Kc1 $1 {[%emt 0:00:01] Black must now prevent Kb1.} Bf5 {[%emt 0:00:06] [#]} 58. Rd4 (58. Kb1 $1 $18 Rd2 59. Ka1) 58... Ke2 $2 (58... Bg6 $16 59. Kb1 Rd2) 59. Rxf4 {[%emt 0:00:02] Weighted Error Value: White=0.16 (very precise) /Black=0.22 (precise)} 1-0

[Event "American Cup Elimination 2023"]
[Site "Saint Louis"]
[Date "2023.03.22"]
[Round "3.2"]
[White "Dominguez Perez, Leinier"]
[Black "Aronian, Levon"]
[Result "1/2-1/2"]
[ECO "C67"]
[WhiteElo "2743"]
[BlackElo "2745"]
[Annotator "TA"]
[PlyCount "123"]
[EventDate "2023.03.15"]
[EventType "k.o."]
[EventCountry "USA"]
[SourceTitle "playchess.com"]
[Source "ChessBase"]
[SourceQuality "1"]
[TimeControl "1500+10"]

1. e4 e5 2. Nf3 Nc6 3. Bb5 Nf6 4. O-O Nxe4 5. d4 Nd6 6. Bxc6 dxc6 7. dxe5 Nf5 8. Qxd8+ Kxd8 9. h3 {[%emt 0:00:01] now supersedes 9.Nc3.} Be7 {[%emt 0:00:03] C67: Ruy Lopez: Berlin Defence: 4 0-0 Nxe4.} 10. Nc3 $1 Nh4 {[%emt 0:00:02] ...Nxf3+ would be deadly.} 11. Nxh4 Bxh4 12. Be3 h5 {[%emt 0:00:10] [#]} 13. f3 $146 ({Predecessor:} 13. Rad1+ Ke8 14. Ne2 Be7 15. f4 f5 16. exf6 gxf6 17. f5 Kf7 18. g3 b6 19. Nc3 {1-0 Vachier Lagrave,M (2736)-So,W (2760) Speed Chess Chess.com INT blitz 2022 (2.12)}) 13... Bf5 14. g4 Bxc2 15. Rac1 Bh7 16. f4 Re8 17. Rcd1+ Kc8 18. Bf2 Be7 19. f5 b6 20. Bg3 Kb7 21. Kg2 Rad8 22. Rxd8 Rxd8 23. Rd1 Rxd1 24. Nxd1 $11 {[%emt 0:00:01][%mdl 4096] Endgame KBB-KBN} c5 25. Kf3 Kc6 26. Ne3 hxg4+ 27. hxg4 b5 28. Ke4 c4 29. Nd5 Bc5 30. Be1 Kd7 31. Bb4 Bf2 32. Bf8 c6 33. Nb4 g6 34. Na6 gxf5+ 35. gxf5 Kc8 36. Bc5 Kb7 (36... Bxc5 $15 {keeps the upper hand.} 37. Nxc5 b4) 37. Bxf2 $16 {[%emt 0:00:02] And now Nc5+ would win.} Kxa6 {[%emt 0:00:02] [#] KB-KB} 38. Kf4 $1 {[%emt 0:01:44] Strongly threatening Kg5.} Kb7 39. Kg5 {[%emt 0:00:35] Black must now prevent Bc5.} (39. f6 $5 Bg6 40. Kg5 $16) 39... c5 {[%emt 0:02:43] [#]} 40. e6 $2 ({Don't take} 40. Bxc5 $6 Kc6 41. Bb4 (41. Bxa7 Kd7 $16) 41... Kd7 $16) (40. f6 $1 $18 {Threatening mate with e6.} Bg6 41. Bxc5) 40... fxe6 $11 41. f6 {[%emt 0:00:01][%cal Of6f7] White threatens f7! and mate.} Bg8 42. Kg6 e5 $1 43. f7 Bxf7+ 44. Kxf7 {[%emt 0:00:01] KB-KP} Kc6 {[%emt 0:00:33] ...Kd5 is the strong threat.} 45. Ke6 a5 46. Bg3 a4 47. Bxe5 b4 48. Bf6 $1 c3 $2 49. bxc3 $18 {[%emt 0:00:12] c4 would kill now.} bxc3 50. Bxc3 {[%emt 0:00:02] KB-KPP} a3 (50... Kb7 51. Bh8 c4 52. Bc3 $18) 51. Ke5 c4 52. Kd4 Kb7 53. Kc5 Ka8 54. Kb4 Kb8 55. Kxa3 $2 {[%emt 0:00:02] KB-KP} (55. Kxc4 $18 {Hoping for Be5+.} Kb7 56. Bh8) 55... Ka8 56. Kb4 Kb8 57. Kb5 Ka8 {[%emt 0:00:01] The position is equal.} 58. a4 Kb8 59. Kb6 Ka8 60. a5 Kb8 61. a6 Ka8 62. a7 {[%emt 0:00:01] Black defended with fortune.   Weighted Error Value: White=0.19 (very precise) /Black=0.17 (very precise)} 1/2-1/2

[Event "American Cup Elimination 2023"]
[Site "Saint Louis"]
[Date "2023.03.23"]
[Round "4.1"]
[White "So, Wesley"]
[Black "Aronian, Levon"]
[Result "1/2-1/2"]
[ECO "D37"]
[WhiteElo "2761"]
[BlackElo "2745"]
[Annotator "TA"]
[PlyCount "152"]
[EventDate "2023.03.15"]
[EventType "k.o."]
[EventCountry "USA"]
[SourceTitle "playchess.com"]
[Source "ChessBase"]
[SourceQuality "1"]
[TimeControl "1500+10"]

1. d4 Nf6 2. c4 e6 3. Nf3 d5 4. Nc3 Nbd7 5. e3 Be7 6. b3 O-O {[%emt 0:01:51] D37: Queen's Gambit Declined: 5 Bf4.} 7. Bb2 b6 8. Bd3 {[%emt 0:00:32] is the legacy move (8.cxd5).} Bb7 {[%emt 0:00:07] White has an edge.} 9. Qc2 h6 {[%emt 0:00:28] [#]} 10. Rd1 $146 ({Predecessor:} 10. h4 c5 11. Rg1 cxd4 12. exd4 Rc8 13. Qe2 Bb4 14. Kf1 dxc4 15. bxc4 Ng4 16. Ne4 {0-1 Coto Mederos,M (2348)-Yuan,Q (2373) Titled Tuesday intern op 14th Sept blitz 2021 (3)}) 10... c5 11. cxd5 Nxd5 12. Nxd5 Bxd5 13. dxc5 Bxc5 14. O-O {[%emt 0:01:23] And now e4 would win.} (14. Qc3 Qf6 $11) (14. e4 $5 Bc6 15. O-O $14) 14... Qe7 15. Bh7+ Kh8 16. Be4 Bxe4 17. Qxe4 a5 18. Qf4 $40 {[%emt 0:05:52][%mdl 128] White attacks.} Kh7 19. g4 Nf6 20. g5 hxg5 21. Nxg5+ Kg8 22. Kh1 Rfd8 23. Rxd8+ $1 Qxd8 24. Rg1 $1 Be7 25. e4 {[%emt 0:00:09] Hoping for e5. White has more active pieces.} Qe8 {[%emt 0:01:04] [#]} (25... e5 $16 {was worth a try.} 26. Bxe5 (26. Qxe5 Rc8 $16) 26... Rc8) 26. Qh4 (26. Nf3 $1 $18 Qd8 27. Qh6) 26... Qc6 $2 (26... e5 $16 {is a better chance.}) 27. f3 (27. Rg3 $142 {Strongly threatening Rh3.} Nh5 28. Qxh5 Bxg5 {[%mdl 64] Remove Defender} 29. Qxg5 Qxe4+ 30. Kg1 Qb1+ 31. Bc1) 27... e5 $18 28. Bxe5 Ra7 29. Bxf6 $2 (29. Bd4 $18 {Threatens to win with e5.} g6 30. Qf4 (30. Qh6 Bf8 $16)) 29... Bxf6 $11 30. Qh7+ Kf8 31. Qf5 Bxg5 ({Black should play} 31... Kg8 $11) 32. Qxg5 {[%emt 0:00:03][%mdl 4096] Endgame KQR-KQR} f6 33. Qh5 Kg8 {[%emt 0:00:08] Wards off Qh8+} 34. Rd1 {[%emt 0:00:10] White wants to mate with Rd8+.} Ra8 {[%emt 0:00:07] Repels Rd8+} 35. h4 Qe6 36. Kg2 {[%emt 0:00:07] Against Qh3+} Rc8 ({Black should try} 36... a4) 37. Kg3 $16 Qe7 38. Qd5+ Kh8 39. Qd6 (39. Kh3 $142) 39... Qe8 40. Qxb6 Qe5+ 41. Kh3 {[%emt 0:00:37] Rd5 is the strong threat.} Rc3 42. Kg4 Rc2 43. Qd8+ Kh7 44. Rd2 {[%emt 0:00:00] Prevents Rg2+.} Qe6+ 45. Kg3 Qe5+ 46. Kh3 (46. Kg2 $5 Qb2 47. Rxc2 Qxc2+ 48. Kg3 $16) 46... Rc3 47. Kg2 Qf4 48. Rf2 Rc5 {[%emt 0:00:01] [#]} (48... Qxh4 $11 49. Qd6 (49. Qd2 Rc5 $11) 49... Qg5+ 50. Qg3 Qc5) 49. Qd7 $1 Qxh4 50. Qh3 Qxh3+ 51. Kxh3 {[%emt 0:00:01] KR-KR} g5 (51... Rc1 $16 {might work better.}) 52. Rd2 {[%emt 0:00:15] Rd5 would be deadly.} a4 53. bxa4 {[%emt 0:00:25][%cal Bb3a4,Ba4a5,Ba5a6,Ba6a7][%mdl 32] aiming for Rd5.} Rc4 $2 (53... Ra5 $16) 54. Rd6 (54. a5 $142) 54... Kg7 (54... f5 $142 55. exf5 Rxa4) 55. a5 $18 Ra4 56. a6 Rxa2 57. Kg4 Ra5 (57... Kf7 58. f4 gxf4 59. Kxf4 Ke7) 58. Kh5 Kf7 59. Rb6 Ra4 60. Rb7+ Ke6 61. a7 Ke5 62. Re7+ $2 (62. Kg6 $18 Ra6 63. Kh5) 62... Kf4 $1 $11 {[%emt 0:00:30] The position is equal.} 63. Rf7 Kxf3 64. e5 Ke4 65. exf6 Kf5 66. Kh6 g4 67. Kg7 g3 {[%emt 0:00:02] ( -> ...g2)} 68. Rb7 {[%emt 0:00:12] f7 would kill now.} g2 69. Rb1 {[%emt 0:00:12] Black must now prevent f7. Chess con chili.} Rxa7+ 70. f7 {[%emt 0:00:01] Intending Rg1 and mate.} Kf4 71. Kg8 Ra8+ 72. f8=R+ Rxf8+ 73. Kxf8 Kg3 74. Ra1 Kh2 75. Ra2 Kh1 76. Rxg2 Kxg2 {[%emt 0:00:01] Blacks defense is rewarded with a draw.   Weighted Error Value: White=0.26 (precise) /Black=0.31} 1/2-1/2

[Event "American Cup Elimination 2023"]
[Site "Saint Louis"]
[Date "2023.03.23"]
[Round "4.2"]
[White "Aronian, Levon"]
[Black "So, Wesley"]
[Result "1/2-1/2"]
[ECO "C42"]
[WhiteElo "2745"]
[BlackElo "2761"]
[Annotator "TA"]
[PlyCount "94"]
[EventDate "2023.03.15"]
[EventType "k.o."]
[EventCountry "USA"]
[SourceTitle "playchess.com"]
[Source "ChessBase"]
[SourceQuality "1"]
[TimeControl "1500+10"]

1. e4 e5 2. Nf3 Nf6 3. Nxe5 d6 4. Nf3 Nxe4 5. Bd3 Nf6 6. O-O {[%emt 0:00:02] C42: Petroff Defence: 3 Nxe5 and unusual White 3rd moves.} Be7 7. Re1 O-O 8. Bf1 d5 9. d4 Re8 10. c4 {[%emt 0:00:05] [#]} Nc6 $146 ({Predecessor:} 10... Bg4 11. Nc3 Nc6 12. cxd5 Nxd5 13. h3 Bh5 14. a3 Nxc3 15. bxc3 Bd6 16. Be3 Qf6 17. Bd3 h6 18. g4 Bg6 19. Kg2 Bxd3 20. Qxd3 Ne7 21. Bd2 Ng6 22. Qb5 {0-1 Anand,V (2751)-Mamedyarov,S (2759) Norway Chess 10th 2022 (8)}) 11. Nc3 h6 12. h3 dxc4 {[%emt 0:01:12] The position is equal.} 13. Bxc4 {[%emt 0:00:03] aiming for Qb3.} Bd6 14. Rxe8+ Qxe8 15. Be3 Bf5 16. Nh4 Bh7 17. Qf3 Qd7 18. Bxh6 {[%emt 0:02:30][%mdl 64] [#] Deflection} Nxd4 $1 19. Qxb7 Re8 20. Be3 {[%emt 0:00:11] The board is on fire.} (20. Qxa7 $2 {is the wrong capture.} gxh6 21. Rd1 (21. Qxd4 $2 Bh2+ {[%mdl 64] Discovered Attack} 22. Kxh2 Qxd4 $19) 21... Be5 $19) 20... Nc2 21. Bb5 Qc8 22. Qxc8 (22. Qxa7 $2 {too greedy.} Nxa1 23. Bxe8 Qxe8 $19) 22... Rxc8 23. Rd1 Nxe3 24. fxe3 Bc5 25. Bd3 Rb8 26. b3 Re8 27. Bxh7+ Kxh7 28. Rd3 Bxe3+ 29. Kf1 Bb6 30. g4 g6 31. Nf3 Kg7 32. Nd2 Ba5 33. a3 c5 34. Nc4 Bxc3 35. Rxc3 $11 {[%emt 0:00:02][%mdl 4096] Endgame KRN-KRN} Ne4 36. Rd3 f5 37. gxf5 gxf5 38. Nd6 Nxd6 39. Rxd6 {[%emt 0:00:02] KR-KR} Re3 40. Rd5 Rxb3 41. Rxc5 Rxa3 42. Rxf5 Rxh3 43. Ra5 Rf3+ 44. Ke2 Rf6 45. Rxa7+ Rf7 46. Rxf7+ Kxf7 47. Ke1 Ke8 {An interesting draw.   Weighted Error Value: White=0.01 (flawless) /Black=0.01 (flawless)} 1/2-1/2

[Event "American Cup Elimination 2023"]
[Site "Saint Louis"]
[Date "2023.03.23"]
[Round "4.3"]
[White "Aronian, Levon"]
[Black "So, Wesley"]
[Result "0-1"]
[ECO "C67"]
[WhiteElo "2745"]
[BlackElo "2761"]
[Annotator "TA"]
[PlyCount "60"]
[EventDate "2023.03.15"]
[EventType "k.o."]
[EventCountry "USA"]
[SourceTitle "playchess.com"]
[Source "ChessBase"]
[SourceQuality "1"]
[TimeControl "600+5"]

1. e4 e5 2. Nf3 Nc6 3. Bb5 Nf6 4. O-O Nxe4 5. d4 Nd6 6. Bxc6 dxc6 7. dxe5 Nf5 8. Qxd8+ Kxd8 9. Nc3 {[%emt 0:00:03] 9.h3 is the modern continuation.} Ke8 (9... Bd7 10. b3 Kc8 11. Bb2 h6 12. h3 b6 13. Rad1 Ne7 14. Ne2 Ng6 15. Ne1 h5 16. Nd3 a5 17. a4 Be7 18. Rfe1 Nf8 19. Ndf4 Bg5 20. e6 Nxe6 21. Nxe6 Bxe6 22. Bxg7 {½-½ Aronian,L (2772)-So,W (2760) Tata Steel India rapid 2019 (7)}) 10. h3 Be6 11. Ng5 {[%emt 0:00:23] [#] C67: Ruy Lopez: Berlin Defence: 4 0-0 Nxe4.} (11. g4 $11 Ne7 12. Nd4) 11... Nd4 $1 $17 12. Nxe6 fxe6 13. Bg5 {[%emt 0:00:00] [#] Black is better.} Nxc2 $146 ({Predecessor:} 13... h6 14. Rad1 Nxc2 15. Bh4 Nb4 16. f4 Be7 17. Bf2 Rf8 18. g3 Rd8 19. Ne4 b6 {0-1 Huang,R (2292)-Xiang,Z (2313) CHN-ch rapid 2019 (5)}) 14. Rad1 Nb4 15. Ne4 Nxa2 16. g4 (16. Be3 $17 h6 17. Nc5 Bxc5 18. Bxc5) 16... Nb4 $19 17. f4 h6 18. Bh4 Nd5 {[%emt 0:00:01] [#] ...Ne3 is the strong threat.} 19. f5 (19. Rf3 $142) 19... Ne3 20. fxe6 Nxd1 21. Rf7 $2 (21. Rxd1 Be7 22. Nf6+ gxf6 23. exf6) 21... Rc8 {[%emt 0:02:28] Black is clearly winning.} 22. Bf6 Rg8 (22... gxf6 $2 {leads to mate.} 23. Nxf6+ Kd8 24. Rd7#) 23. g5 Ne3 (23... gxf6 $2 24. Nxf6+ Kd8 25. Rd7#) 24. g6 Nd5 (24... gxf6 $2 {is a self mate.} 25. Nxf6+ Kd8 26. Rd7#) 25. Bh4 Be7 26. Bxe7 Nxe7 27. Nd6+ cxd6 28. exd6 Nxg6 29. h4 Rb8 ({And not} 29... Nxh4 30. Re7+ Kf8 31. Rf7+ Ke8 32. Re7+ Kf8 33. Rf7+ Ke8 $11) 30. h5 Nf8 {[%emt 0:00:02] Weighted Error Value: White=0.98/Black=0.24 (precise)} 0-1

[Event "American Cup Elimination 2023"]
[Site "Saint Louis"]
[Date "2023.03.23"]
[Round "4.4"]
[White "So, Wesley"]
[Black "Aronian, Levon"]
[Result "1/2-1/2"]
[ECO "B06"]
[WhiteElo "2761"]
[BlackElo "2745"]
[Annotator "TA"]
[PlyCount "93"]
[EventDate "2023.03.15"]
[EventType "k.o."]
[EventCountry "USA"]
[SourceTitle "playchess.com"]
[Source "ChessBase"]
[SourceQuality "1"]
[TimeControl "600+5"]

1. d4 g6 2. e4 Bg7 3. Nf3 d6 4. Bc4 a6 5. O-O e6 6. a4 b6 7. Qe2 Nd7 8. Nbd2 {[%emt 0:00:50] White is slightly better.} Bb7 9. Re1 Ngf6 10. h3 d5 11. exd5 Nxd5 12. Ne4 h6 13. Bxd5 Bxd5 14. c4 Bb7 15. Bf4 O-O 16. Rad1 Rc8 17. Ne5 g5 18. Bh2 f5 19. Nc3 f4 $1 20. Nxd7 Qxd7 21. Qxe6+ Qxe6 22. Rxe6 Rce8 23. Rxe8 Rxe8 24. Kf1 Bc8 25. f3 Be6 26. b3 Bf5 {[%emt 0:01:53] And now ...Bc2 would win.} 27. Ne4 $1 b5 (27... Bxe4 $11 {remains equal.} 28. fxe4 Rxe4) 28. axb5 (28. cxb5 $16 axb5 29. a5) 28... axb5 $11 29. Bg1 Ra8 {[%emt 0:00:45] The position is equal.} 30. d5 Ra3 31. cxb5 Rxb3 32. Bd4 Rxb5 33. Bxg7 Kxg7 {[%emt 0:00:01][%mdl 4096] Endgame KRB-KRN} 34. d6 cxd6 35. Nxd6 Re5 36. Nxf5+ Rxf5 {[%emt 0:00:01] KR-KR} 37. h4 gxh4 38. Kg1 h3 39. gxh3 Kf6 40. h4 Rh5 41. Kg2 Re5 42. Rd6+ Re6 43. Rd5 Re5 44. Rd6+ Re6 45. Rd5 Re8 46. Rd6+ Re6 47. Rd5 {[%emt 0:00:06] Weighted Error Value: White=0.09 (flawless) /Black=0.10 (very precise)} 1/2-1/2